 Seeded DCSS version 0.29.1-15-g9cfb28693d (webtiles) character file.

Game seed: 8515177902725472229 (custom seed)

45 valliere the Sneak (level 3, -3/22 (24) HPs)
             Began as a Vampire Enchanter on Apr 18, 2023.
             Slain by a gnoll
             ... wielding a +0 whip
              (8 damage)
             ... on level 2 of the Dungeon.
             The game lasted 00:03:34 (1055 turns).

valliere the Sneak (Vampire Enchanter)              Turns: 1055, Time: 00:03:34

HP:   -3/22 (24)    AC:  2    Str:  7    XL:     3   Next: 42%
MP:   6/6           EV: 12    Int: 17    God:
Gold: 61            SH:  0    Dex: 16    Spells: 4/6 levels left

rFire   . . .      SeeInvis +   a - +1 dagger
rCold   . . .      Faith    .   (no shield)
rNeg    . . .      Spirit   .   b - +0 robe
rPois   .          Reflect  .   i - +0 hat
rElec   .          Harm     .   (no cloak)
rCorr   .          Rampage  +   (no gloves)
Will    +....                   (no boots)
Stlth   +++.......              f - amulet of the Camelopard {Rampage +Inv Will+ Regen+}
HPRegen 1.07/turn               (no ring)
MPRegen 0.10/turn               (no ring)

@: healing quickly, drained
A: alive, fangs 3, see invisible, vampiric 2
a: Exsanguinate, Evoke Invisibility


You were on level 2 of the Dungeon.
You visited 1 branch of the dungeon, and saw 2 of its levels.

You collected 61 gold pieces.

Inventory:

Hand Weapons
 a - a +1 dagger (weapon)
Armour
 b - a +0 robe (worn)
 i - a +0 hat (worn)
Jewellery
 f - the amulet of the Camelopard (around neck) {Rampage +Inv Will+ Regen+}
   (You acquired it on level 1 of the Dungeon)

   [amulet of regeneration]

   +Inv:      It lets you turn invisible.
   Regen:     It increases your rate of health regeneration.
   Rampage:   It bestows one free step when moving towards enemies.
   Will:      It increases your willpower.
 o - an amulet of the acrobat
Scrolls
 e - a scroll of identify {unknown}
 j - 3 scrolls of blinking {unknown}
 n - a scroll of enchant weapon {unknown}
 p - a scroll of teleportation {unknown}
Potions
 c - 2 potions of invisibility
 d - 3 potions of curing {unknown}
 g - a potion of flight {unknown}
 h - 2 potions of heal wounds {unknown}
 k - a potion of might {unknown}
 l - a potion of attraction {unknown}
 m - a potion of mutation {unknown}


   Skills:
 + Level 1.6 Short Blades
 + Level 2.5 Dodging
 * Level 5.2 Stealth
 + Level 2.1 Spellcasting
 + Level 4.7 Hexes
 * Level 1.2 Evocations


You had 4 spell levels left.
You knew the following spells:

 Your Spells              Type           Power      Damage    Failure   Level
a - Ensorcelled Hibernat  Hex/Ice        18%        N/A       11%         2

Your spell library contained the following spells:

 Spells                   Type           Power      Damage    Failure   Level
 Slow                     Hex            68%        N/A       2%          1
 Confusing Touch          Hex            17%        N/A       9%          3
 Tukima's Dance           Hex            17%        N/A       9%          3
 Dazzling Flash           Conj/Hex       18%        N/A       22%         3
 Vampiric Draining        Necr           1%         2d6       50%         3
 Passage of Golubria      Tloc           1%         N/A       88%         4
 Silence                  Hex/Air        4%         N/A       90%         5
 Lehudib's Crystal Spear  Conj/Erth      0%         10d2      100%        8


Dungeon Overview and Level Annotations

Branches:
Dungeon (2/15)

Altars:
Xom

Shops:
D:2 *


Innate Abilities, Weirdness & Mutations

Your natural rate of healing is accelerated.
You have razor-sharp teeth.
You have supernaturally acute eyesight. (SInv)
You are afflicted with vampirism and can become a bat while bloodless.


Message History

You pick up a book of Debilitation and begin reading...
You add the spells Slow and Vampiric Draining to your library.
Found a club.
You see here a +0 club.
h - 2 blue potions (gained 1)
A gnoll comes into view. It is wielding a +0 halberd.
You rampage towards the gnoll! 3 gnolls come into view.
Found 3 scrolls of acquirement.
The helpless gnoll fails to defend itself.
You impale the gnoll!!
You kill the gnoll!
Things that are here:
a +0 halberd; a gnoll corpse You rampage towards the gnoll!
The gnoll shouts! x3
The gnoll closely misses you.
You hit the gnoll. Your bite misses the gnoll.
The gnoll is lightly wounded.
The gnoll misses you.
Things that are here:
a +0 halberd; a gnoll corpse The gnoll attacks as you move away!
The gnoll closely misses you. The gnoll attacks as you move away!
The gnoll misses you.
You hit the gnoll.
The gnoll is moderately wounded.
The gnoll hits you with a +0 whip.
You closely miss the gnoll.
The gnoll is moderately wounded.
The gnoll hits you from afar with a +0 spear.
The gnoll barely misses you.
You barely miss the gnoll.
The gnoll is moderately wounded.
The gnoll hits you from afar with a +0 spear!
The gnoll hits you with a +0 whip!
* * * LOW HITPOINT WARNING * * *
Okay, then.
You feel drained.
You fail to use your ability.
The gnoll hits you with a +0 whip!
You die...

#.......# ###########.# #
.....# ####.###.## .###.#
#.......#. .###.#
#.#...##.#
.....###..###.#.#
.##.......# #...#
###.####<.###.#######
#.##.......)..@gg.#
#.##.#.....######g########
#.##.####..# #.)..g.?.#
###.##.# #..# ########.#
.......####..#
.............#
.##.########.# ###.# #.#
#..# #.#


You could see 3 gnolls.

Vanquished Creatures
  A gnoll (D:2)
  2 dart slugs (D:1)
  A ball python (D:2)
  4 bats (D:1)
  An endoplasm (D:1)
  2 giant cockroaches (D:1)
  3 goblins
  3 hobgoblins (D:1)
  5 jackals
  3 frilled lizards (D:1)
  A kobold (D:1)
  2 rats (D:1)
28 creatures vanquished.

Notes
Turn   | Place    | Note
-------+----------+-------------------------------------------
     0 | D:1      | valliere the Vampire Enchanter began the quest for the Orb.
     0 | D:1      | Reached XP level 1. HP: 13/13 MP: 3/3
    52 | D:1      | Identified a scroll of acquirement
    52 | D:1      | Acquired the amulet of the Camelopard {Rampage +Inv Will+
                  | Regen+}
   193 | D:1      | Reached XP level 2. HP: 19/19 MP: 5/5
   805 | D:2      | Reached skill level 1 in Evocations
   826 | D:1      | Reached skill level 5 in Stealth
   835 | D:1      | Learned a level 2 spell: Ensorcelled Hibernation
   843 | D:2      | Gained mutation: You are afflicted with vampirism and can
                  | become a bat while bloodless. [Vampire growth]
   843 | D:2      | Reached XP level 3. HP: 24/24 MP: 6/6
   852 | D:2      | Found a shimmering altar of Xom.
   869 | D:2      | Found Vuamm's General Store.
  1055 | D:2      | Slain by a gnoll

Illustrated notes

Levels and vault maps discovered:
D:1:      sevenhm_arrival_forest_fort_large_4, layout_basic,
          nrook_loot_triangle, minmay_lizard_pond
D:2:      layout_loops_ring, basic_altar, serial_shops,
          nicolae_shop_temple_entry_statues_fountains

Skill      XL: |  1  2 |
---------------+-------+-----
Evocations     | 1 |  1.2
Stealth        | 5 |  5.2
Short Blades   | |  1.6
Dodging        | |  2.5
Spellcasting   | |  2.1
Hexes          | |  4.7

Action                   || total
-------------------------++-------
Melee: Dagger            ||    63
       Bite              ||     4
       Punch             ||     1
  Use: Scroll            ||     1
 Stab: Sleeping          ||    14
Armor: Robe              ||     6
Dodge: Dodged            ||    45
